 Dungeon Crawl Stone Soup version 0.28.0 (webtiles) character file.

Game seed: 14056986812914284612

136 Dorkslayer the Skirmisher (level 5, -7/37 HPs)
             Began as a Merfolk Fighter on Mar 7, 2022.
             Mangled by a scorpion (8 damage)
             ... on level 3 of the Dungeon.
             The game lasted 00:06:00 (2353 turns).

Dorkslayer the Skirmisher (Merfolk Fighter)         Turns: 2353, Time: 00:06:01

Health: -7/37      AC:  9    Str: 16    XL:     5   Next: 19%
Magic:  5/5        EV:  9    Int: 10    God:
Gold:   115        SH:  5    Dex: 15    Spells: 4/4 levels left

rFire   . . .      SeeInvis .   a - +0 trident
rCold   . . .      Faith    .   c - +0 buckler
rNeg    . . .      Spirit   .   b - +0 scale mail
rPois   .          Reflect  .   (no helmet)
rElec   .          Harm     .   (no cloak)
rCorr   .          Rampage  .   (no gloves)
Will    .....                   f - +2 pair of boots
Stlth   ..........              (no amulet)
HPRegen 0.12/turn               (no ring)
MPRegen 0.09/turn               (no ring)

@: lethally poisoned (-7 -> -21), unable to read
A: (nimble swimmer 2), mertail, clever 1, frail 1, inability to read while
threatened
a: no special abilities


You were on level 3 of the Dungeon.
You visited 1 branch of the dungeon, and saw 3 of its levels.

You collected 115 gold pieces.

Inventory:

Hand Weapons
 a - a +0 trident (weapon)
Armour
 b - a +0 scale mail (worn)
 c - a +0 buckler (worn)
 f - a +2 pair of boots (worn)
Wands
 j - a wand of flame (12)
Scrolls
 e - a scroll of enchant weapon {unknown}
 g - 2 scrolls of identify {unknown}
 h - 2 scrolls of magic mapping {unknown}
 i - 2 scrolls of teleportation {unknown}
 n - a scroll of immolation {unknown}
Potions
 d - a potion of might
 l - a potion of cancellation {unknown}
 m - a potion of resistance {unknown}


   Skills:
 + Level 4.1 Fighting
 + Level 4.0 Polearms
 + Level 2.8 Armour
 + Level 2.2 Dodging
 + Level 3.3 Shields
 * Level 1.1 Evocations


You had 4 spell levels left.
You didn't know any spells.
Your spell library contained the following spells:

 Spells                   Type           Power      Damage    Failure   Level
 Beastly Appendage        Tmut           0%         N/A       87%         1
 Wereblood                Tmut           0%         N/A       95%         2
 Spider Form              Tmut/Pois      0%         N/A       99%         3


Dungeon Overview and Level Annotations

Branches:
Dungeon (3/15)

Altars:
Cheibriados
Hepliaklqana
Kikubaaqudgha
Nemelex Xobeh
Qazlal


Innate Abilities, Weirdness & Mutations

((You are very nimble when in or above water. (Stealth+, EV+, Speed+++)))
Your lower body shifts to a powerful aquatic tail in water.
Your mind is acute. (Int +2)
You are frail. (-10% HP)
You sometimes lose the ability to read scrolls when taking damage.


Message History

Terence hits you with a +0 mace! Terence hits you with a +0 mace.
You hit Terence.
Terence is moderately wounded.
Terence misses you.
You barely miss Terence.
Terence is moderately wounded.
You block Terence's attack.
You barely miss Terence.
Terence is moderately wounded.
Terence barely misses you.
You puncture Terence!
Terence is severely wounded.
Terence hits you with a +0 mace.
You hit Terence.
You kill Terence!
The scorpion stings you.
You are poisoned.
The scorpion poisons you!
Your Evocations skill increases to level 1!
You have reached level 5!
You feel clever.
Okay, then.
You closely miss the scorpion.
You feel very sick.
The scorpion stings you but does no damage.
You puncture the scorpion!
The scorpion is heavily wounded.
You feel sick. The scorpion stings you.
* * * LOW HITPOINT WARNING * * *
You are lethally poisoned!
The scorpion poisons you! The scorpion stings you.
* * * LOW HITPOINT WARNING * * *
It was a potion of mutation.
You feel extremely strange.
You feel frail.
You feel clever.
You lose the ability to read scrolls when threatened.
* * * LOW HITPOINT WARNING * * *
You feel very sick. The scorpion stings you!
You feel threatened and lose the ability to read scrolls!
You die...

####### ########..
..####♣♣♣♣'♣♣♣♣ ......##.#
#.##..sg......'
.......#.###.##.@♣.≈...≈.♣
.................♣.≈._.≈.♣
.#...#...###.#†..♣.≈...≈.♣
.#.#.##.#....#...'....s..'
##.#.##......#...♣♣♣♣'♣♣♣♣
#.#.###..........# .#
..#................ .#
###.###.......###### #
##...#......#


You could see a scorpion and a goblin.

Vanquished Creatures
  Jessica (D:3)
  Terence (D:3)
  2 adders (D:2)
  A worm (D:2)
  7 endoplasms
  3 giant cockroaches
  6 goblins
  7 hobgoblins
  6 jackals (D:1)
  4 kobolds
  2 quokkas
  9 ball pythons
  5 bats
  3 frilled lizards
  A rat (D:1)
58 creatures vanquished.

Notes
Turn   | Place    | Note
-------+----------+-------------------------------------------
     0 | D:1      | Dorkslayer the Merfolk Fighter began the quest for the Orb.
     0 | D:1      | Reached XP level 1. HP: 18/18 MP: 1/1
   291 | D:1      | Reached XP level 2. HP: 24/24 MP: 2/2
   882 | D:1      | Reached XP level 3. HP: 26/29 MP: 3/3
  1711 | D:2      | Found a faded altar of an unknown god.
  1750 | D:2      | Reached XP level 4. HP: 31/37 MP: 4/4
  2232 | D:3      | Noticed Jessica
  2237 | D:3      | Killed Jessica
  2245 | D:3      | Found an ancient bone altar of Kikubaaqudgha.
  2245 | D:3      | Found a hazy altar of Hepliaklqana.
  2251 | D:3      | Found a stormy altar of Qazlal.
  2253 | D:3      | Found a faded altar of an unknown god.
  2254 | D:3      | Found a snail-covered altar of Cheibriados.
  2335 | D:3      | Noticed Terence
  2336 | D:3      | Found a sparkling altar of Nemelex Xobeh.
  2339 | D:3      | Noticed a scorpion
  2350 | D:3      | Killed Terence
  2351 | D:3      | Reached skill level 1 in Evocations
  2351 | D:3      | Reached XP level 5. HP: 20/42 MP: 5/5
  2353 | D:3      | Gained mutation: You are frail. (-10% HP) [potion of
                  | mutation]
  2353 | D:3      | Gained mutation: Your mind is acute. (Int +2) [potion of
                  | mutation]
  2353 | D:3      | Gained mutation: You sometimes lose the ability to read
                  | scrolls when taking damage. [potion of mutation]
  2353 | D:3      | HP: 1/37 [poisoned by a scorpion]
  2353 | D:3      | Mangled by a scorpion

Illustrated notes

Levels and vault maps discovered:
D:1:      minmay_arrival_checkered_box, layout_basic
D:2:      layout_basic, nicolae_ecumenical_pavilion,
          chequers_serial_rivers_room_a
D:3:      layout_basic, chequers_temple_overflow_minitemple,
          mainiacjoe_overflow_six_doors_small, uniq_terence, uniq_jessica,
          uniq_ijyb

Skill      XL: |  1  2  3  4 |
---------------+-------------+-----
Fighting       | 4 |  4.1
Polearms       | 4 |  4.0
Dodging        | 2 |  2.2
Evocations     | 1 |  1.1
Armour         | |  2.8
Shields        | |  3.3

Action                   |  1- 3 |  4- 6 || total
-------------------------+-------+-------++-------
Melee: Trident           |   127 |    68 ||   195
  Use: Potion            |       |     2 ||     2
Armor: Scale mail        |    39 |    29 ||    68
Dodge: Dodged            |    44 |    25 ||    69
Block: Buckler           |    23 |    21 ||    44
